BSA
FRESNO DEPLORABLES @ CHICAGO MACHINE
06/12/2026
 
TOP OF THE 1ST
Portland Cards batting - Pitching for Chicago Machine : RHP Anthony Jackson
Pitching: RHP Anthony Jackson
Batting: LHB John Cotton 0-0: Ball
1-0: Fly out, F8 (Flyball, 8RD)
Batting: LHB Keith Beard 0-0: Ball
1-0: Fly out, F9 (Flyball, 9M)
Batting: LHB Jeff Daniels 0-0: Ground out 4-3 (Groundball, 4)
Top of the 1st over - 0 run(s), 0 hit(s), 0 error(s), 0 left on base; Portland 0 - Chicago 0
BOTTOM OF THE 1ST
Chicago Machine batting - Pitching for Portland Cards : LHP Allan Bader
Pitching: LHP Allan Bader
Batting: RHB Pablo Sandoval 0-0: Foul Ball, location: 2F
0-1: Called Strike
0-2: Ball
1-2: Ball
2-2: Ball
3-2: Foul Ball, location: 2F
3-2: Fly out, F7 (Flyball, 7M)
Batting: RHB Derek Ramsey 0-0: Ground out 6-3 (Groundball, 6M)
Batting: RHB Edward Young 0-0: TRIPLE (Line Drive, 9LS)
Batting: SHB Edward Bartlett 0-0: Ball
1-0: Ball
2-0: Fly out, F8 (Flyball, 8LM)
Bottom of the 1st over - 0 run(s), 1 hit(s), 0 error(s), 1 left on base; Portland 0 - Chicago 0
TOP OF THE 2ND
Portland Cards batting - Pitching for Chicago Machine : RHP Anthony Jackson
Batting: LHB Paul Mullins 0-0: Ball
1-0: Foul Ball, location: 2F
1-1: SINGLE (Groundball, 13) (infield hit)
Batting: LHB Donovan Bird 0-0: Called Strike
0-1: Ball
1-1: Ball
2-1: Grounds out, U3 (Groundball, 3L)
Batting: RHB Aaron Scott 0-0: Ball
1-0: Foul Ball, location: 2F
1-1: Ground out 4-3 (Groundball, 4)
Paul Mullins to third
Batting: LHB Tom Blake 0-0: Ball
1-0: Foul Ball, location: 2F
1-1: Swinging Strike
1-2: Fly out, F4 (Popup, 4MD)
Top of the 2nd over - 0 run(s), 1 hit(s), 0 error(s), 1 left on base; Portland 0 - Chicago 0
BOTTOM OF THE 2ND
Chicago Machine batting - Pitching for Portland Cards : LHP Allan Bader
Batting: RHB Lorenzo Guzmán 0-0: Ball
1-0: Called Strike
1-1: Foul Ball, location: 2F
1-2: Ball
2-2: Foul Ball, location: 2F
2-2: SINGLE (Groundball, 34S)
Batting: RHB Roberto Cardona 0-0: Ball
1-0: Ball
2-0: Called Strike
2-1: SINGLE (Groundball, 6D)
Lorenzo Guzmán to second
Batting: RHB Rick Ayliffe 0-0: Ball
1-0: Foul Ball, location: 2F
1-1: Fly out, F9 (Flyball, 89M)
Batting: LHB Bob Smith 0-0: Ball
1-0: Swinging Strike
1-1: Ball
2-1: Ball
3-1: Swinging Strike
3-2: Strikes out swinging
Lorenzo Guzmán steals 3rd base
Batter strikes out.
Roberto Cardona to second
Batting: SHB Joaquín López 0-0: Called Strike
0-1: Called Strike
0-2: Foul Ball, location: 2F
0-2: Foul Ball, location: 2F
0-2: Ball
1-2: Fly out, F4 (Popup, 4D)
Bottom of the 2nd over - 0 run(s), 2 hit(s), 0 error(s), 2 left on base; Portland 0 - Chicago 0
TOP OF THE 3RD
Portland Cards batting - Pitching for Chicago Machine : RHP Anthony Jackson
Batting: RHB Germán Rosales 0-0: Ball
1-0: Ball
2-0: Ball
3-0: Called Strike
3-1: Ground out 5-3 (Groundball, 56)
Batting: RHB Bartolo Quiñones 0-0: Foul Ball, location: 2F
0-1: Ball
1-1: Ball
2-1: Ground out 5-3 (Groundball, 56S)
Batting: LHB John Cotton 0-0: Ball
1-0: Ball
2-0: Ball
3-0: Base on Balls
Batting: LHB Keith Beard 0-0: Called Strike
John Cotton steals 2nd base
0-1: Foul Ball, location: 2F
0-2: Foul Ball, location: 2F
0-2: Ball
1-2: Foul Ball, location: 2F
1-2: Ball
2-2: Ball
3-2: Base on Balls
Batting: LHB Jeff Daniels 0-0: Foul Ball, location: 2F
0-1: SINGLE (Line Drive, 7LS)
John Cotton to third
Keith Beard to second
Batting: LHB Paul Mullins 0-0: Foul Ball, location: 2F
0-1: Ball
1-1: Ball
2-1: Called Strike
2-2: Ground out 4-3 (Groundball, 34)
Top of the 3rd over - 0 run(s), 1 hit(s), 0 error(s), 3 left on base; Portland 0 - Chicago 0
BOTTOM OF THE 3RD
Chicago Machine batting - Pitching for Portland Cards : LHP Allan Bader
Batting: RHB Pablo Sandoval 0-0: Ball
1-0: Called Strike
1-1: Foul Ball, location: 2F
1-2: Foul Ball, location: 2F
1-2: Foul Ball, location: 2F
1-2: Ball
2-2: Ball
3-2: Foul Ball, location: 2F
3-2: Base on Balls
Batting: RHB Derek Ramsey 0-0: Called Strike
0-1: Called Strike
0-2: Ball
1-2: Ground out 5-3 (Groundball, 5S)
Pablo Sandoval to second
Batting: RHB Edward Young 0-0: Ball
1-0: Ball
2-0: Ball
3-0: Called Strike
3-1: Base on Balls
Batting: SHB Edward Bartlett 0-0: Ball
Pablo Sandoval steals 3rd base
Edward Young to second
1-0: Ball
2-0: Ball
3-0: Called Strike
3-1: Foul Ball, location: 2F
3-2: Foul Ball, location: 2F
3-2: Fly out, F4 (Line Drive, 4M)
3-2: Lined into DP, U4 (Line Drive, 4M)
Bottom of the 3rd over - 0 run(s), 0 hit(s), 0 error(s), 1 left on base; Portland 0 - Chicago 0
TOP OF THE 4TH
Portland Cards batting - Pitching for Chicago Machine : RHP Anthony Jackson
Batting: LHB Donovan Bird 0-0: Ball
1-0: Ground out 4-3 (Groundball, 4)
Batting: RHB Aaron Scott 0-0: Ball
1-0: SINGLE (Groundball, 34D)
Batting: LHB Tom Blake 0-0: Ball
1-0: Called Strike
Aaron Scott steals 2nd base
1-1: Ground out 1-3 (Groundball, 2L)
Batting: RHB Germán Rosales 0-0: TRIPLE (Line Drive, 89M)
Aaron Scott scores
Batting: RHB Bartolo Quiñones 0-0: Called Strike
0-1: Ball
1-1: Fly out, F9 (Flyball, 9S)
Top of the 4th over - 1 run(s), 2 hit(s), 0 error(s), 1 left on base; Portland 1 - Chicago 0
BOTTOM OF THE 4TH
Chicago Machine batting - Pitching for Portland Cards : LHP Allan Bader
Batting: RHB Lorenzo Guzmán 0-0: SINGLE (Line Drive, 9S)
Batting: RHB Roberto Cardona 0-0: Foul Ball, location: 2F
0-1: Ball
1-1: Foul Ball, location: 2F
1-2: Foul Ball, location: 2F
1-2: Fly out, F5 (Popup, 25F)
Batting: RHB Rick Ayliffe 0-0: Ball
1-0: Foul Ball, location: 2F
1-1: Called Strike
1-2: Foul Ball, location: 2F
1-2: Ball
2-2: Foul Ball, location: 2F
2-2: Ball
3-2: Ground out 5-3 (Groundball, 56S)
Lorenzo Guzmán to second
Batting: LHB Bob Smith 0-0: Swinging Strike
0-1: Ball
1-1: Swinging Strike
1-2: Strikes out swinging
Bottom of the 4th over - 0 run(s), 1 hit(s), 0 error(s), 1 left on base; Portland 1 - Chicago 0
TOP OF THE 5TH
Portland Cards batting - Pitching for Chicago Machine : RHP Anthony Jackson
Batting: LHB John Cotton 0-0: Ground out 5-3 (Groundball, 56S)
Batting: LHB Keith Beard 0-0: Called Strike
0-1: Ball
1-1: Ball
2-1: Foul Ball, location: 2F
2-2: Ground out 3-1 (Groundball, 34)
Batting: LHB Jeff Daniels 0-0: Ball
1-0: Ball
2-0: Called Strike
2-1: Ground out U3 (Groundball, 3)
Top of the 5th over - 0 run(s), 0 hit(s), 0 error(s), 0 left on base; Portland 1 - Chicago 0
BOTTOM OF THE 5TH
Chicago Machine batting - Pitching for Portland Cards : LHP Allan Bader
Batting: SHB Joaquín López 0-0: Ball
1-0: Ball
2-0: Called Strike
2-1: Ball
3-1: Foul Ball, location: 2F
3-2: Foul Ball, location: 2F
3-2: Foul Ball, location: 2F
3-2: Ground out 6-3 (Groundball, 6)
Batting: RHB Pablo Sandoval 0-0: Called Strike
0-1: Ball
1-1: Ball
2-1: Called Strike
2-2: Ball
3-2: Ground out 4-3 (Groundball, 4M)
Batting: RHB Derek Ramsey 0-0: Called Strike
0-1: Swinging Strike
0-2: DOUBLE (Groundball, 5L)
Pitching: LHP Mark Murchison
Batting: RHB Edward Young 0-0: Called Strike
0-1: SINGLE (Groundball, 15S) (infield hit)
Derek Ramsey to third
Batting: SHB Edward Bartlett 0-0: Called Strike
0-1: Ball
1-1: Ball
2-1: DOUBLE (Flyball, 78XD)
Derek Ramsey scores
Edward Young to third
Runner from 3rd tries for Home, SAFE, no throw or cutoff
Batting: RHB Lorenzo Guzmán 0-0: Ball
1-0: Called Strike
1-1: Foul Ball, location: 2F
1-2: Ground out 5-3 (Groundball, 56S)
Bottom of the 5th over - 2 run(s), 3 hit(s), 0 error(s), 1 left on base; Portland 1 - Chicago 2
TOP OF THE 6TH
Portland Cards batting - Pitching for Chicago Machine : RHP Anthony Jackson
Batting: LHB Paul Mullins 0-0: Foul Ball, location: 2F
0-1: Swinging Strike
0-2: Strikes out swinging
Batting: LHB Donovan Bird 0-0: Foul Ball, location: 2F
0-1: Ball
1-1: Called Strike
1-2: DOUBLE (Line Drive, 9LD)
Batting: RHB Aaron Scott 0-0: Called Strike
0-1: Foul Ball, location: 2F
0-2: SINGLE (Line Drive, 34D)
Donovan Bird to third
Batting: LHB Tom Blake 0-0: Called Strike
0-1: Ball
1-1: Called Strike
1-2: Strikes out looking
Batting: RHB Germán Rosales 0-0: SINGLE (Groundball, 2L) (infield hit)
Donovan Bird scores
Aaron Scott to second
Batting: RHB Bartolo Quiñones 0-0: Foul Ball, location: 2F
0-1: Ball
1-1: Ball
2-1: Ball
3-1: Foul Ball, location: 2F
3-2: Ground out 2-3 (Groundball, 25)
Top of the 6th over - 1 run(s), 3 hit(s), 0 error(s), 2 left on base; Portland 2 - Chicago 2
BOTTOM OF THE 6TH
Chicago Machine batting - Pitching for Portland Cards : LHP Mark Murchison
Batting: RHB Roberto Cardona 0-0: Ball
1-0: Ball
2-0: Ball
3-0: Base on Balls
Batting: RHB Rick Ayliffe 0-0: Foul Ball, location: 2F
0-1: Ball
Roberto Cardona steals 2nd base
1-1: Foul Ball, location: 2F
1-2: Strikes out swinging
Batting: LHB Bob Smith 0-0: Intentional Walk
Batting: SHB Joaquín López 0-0: Ball
1-0: Ball
2-0: Fly out, F8 (Flyball, 8LD)
Runner from 2nd tags up, SAFE at 3rd, no throw
Batting: RHB Pablo Sandoval 0-0: Ball
1-0: Ball
2-0: Ball
3-0: Base on Balls
Bob Smith to second
Batting: RHB Derek Ramsey 0-0: Ball
1-0: Ground out 5-3 (Groundball, 56S)
Bottom of the 6th over - 0 run(s), 0 hit(s), 0 error(s), 3 left on base; Portland 2 - Chicago 2
TOP OF THE 7TH
Portland Cards batting - Pitching for Chicago Machine : RHP Anthony Jackson
Pitching: LHP Austin Wall
Pinch Hitting: RHB Lonson Seals 0-0: Ball
1-0: Called Strike
1-1: Swinging Strike
1-2: Strikes out swinging
Batting: LHB Keith Beard 0-0: Called Strike
0-1: Swinging Strike
0-2: Ball
1-2: Ground out 6-3 (Groundball, 6)
Batting: LHB Jeff Daniels 0-0: Ball
1-0: Ground out 4-3 (Groundball, 4)
Top of the 7th over - 0 run(s), 0 hit(s), 0 error(s), 0 left on base; Portland 2 - Chicago 2
BOTTOM OF THE 7TH
Chicago Machine batting - Pitching for Portland Cards : LHP Mark Murchison
Now at 2B: Lonson Seals
Batting: RHB Edward Young 0-0: Swinging Strike
0-1: Ball
1-1: Ball
2-1: Ground out 6-3 (Groundball, 6)
Batting: SHB Edward Bartlett 0-0: Swinging Strike
0-1: Foul Ball, location: 2F
0-2: Strikes out looking
Batting: RHB Lorenzo Guzmán 0-0: Ball
1-0: DOUBLE (Line Drive, 7LS)
Batting: RHB Roberto Cardona 0-0: Ground out 4-3 (Groundball, 4)
Bottom of the 7th over - 0 run(s), 1 hit(s), 0 error(s), 1 left on base; Portland 2 - Chicago 2
TOP OF THE 8TH
Portland Cards batting - Pitching for Chicago Machine : LHP Austin Wall
Pinch Hitting: RHB Dexter Potter 0-0: Called Strike
0-1: Ball
1-1: Foul Ball, location: 2F
1-2: Foul Ball, location: 2F
1-2: Foul Ball, location: 2F
1-2: Ball
2-2: Strikes out swinging
Batting: LHB Donovan Bird 0-0: Ball
1-0: Swinging Strike
1-1: Swinging Strike
1-2: SINGLE (Groundball, 34D)
Batting: RHB Aaron Scott 0-0: Called Strike
0-1: Ball
1-1: Foul Ball, location: 2F
1-2: Strikes out looking
Batting: LHB Tom Blake 0-0: Called Strike
0-1: Foul Ball, location: 2F
0-2: SINGLE (Groundball, 5D)
Donovan Bird to second
Batting: RHB Germán Rosales 0-0: Called Strike
0-1: Swinging Strike
0-2: Ball
1-2: Strikes out looking
Top of the 8th over - 0 run(s), 2 hit(s), 0 error(s), 2 left on base; Portland 2 - Chicago 2
BOTTOM OF THE 8TH
Chicago Machine batting - Pitching for Portland Cards : LHP Mark Murchison
Pitching: RHP César Menéndez
Now at 1B: Vicente Bueno
Batting: RHB Rick Ayliffe 0-0: Ball
1-0: Ball
2-0: Called Strike
2-1: Swinging Strike
2-2: Ball
3-2: Foul Ball, location: 2F
3-2: Strikes out swinging
Batting: LHB Bob Smith 0-0: SOLO HOME RUN (Flyball, 9D), Distance : 386 ft
Batting: SHB Joaquín López 0-0: Ball
Single, Error in OF, E9, batter to second base
Batting: RHB Pablo Sandoval 0-0: Ball
1-0: Fly out, F6 (Line Drive, 6)
Batting: RHB Derek Ramsey 0-0: Ball
1-0: Ground out 6-3 (Groundball, 6)
Bottom of the 8th over - 1 run(s), 2 hit(s), 1 error(s), 1 left on base; Portland 2 - Chicago 3
TOP OF THE 9TH
Portland Cards batting - Pitching for Chicago Machine : LHP Austin Wall
Pitching: RHP Víctor Reyes
Batting: RHB Bartolo Quiñones 0-0: Ball
1-0: Ball
2-0: Called Strike
2-1: Foul Ball, location: 2F
2-2: Ball
3-2: Ground out 4-3 (Groundball, 4M)
Batting: RHB Lonson Seals 0-0: Ball
1-0: Ground out 5-3 (Groundball, 5S)
Batting: LHB Keith Beard 0-0: Foul Ball, location: 2F
0-1: Ball
1-1: Called Strike
1-2: Ball
2-2: Ball
3-2: Foul Ball, location: 2F
3-2: SINGLE (Line Drive, 4M)
Batting: LHB Jeff Daniels 0-0: Called Strike
0-1: Ground out 4-3 (Groundball, 4)
Top of the 9th over - 0 run(s), 1 hit(s), 0 error(s), 1 left on base; Portland 2 - Chicago 3
Monday, December 5th, 2016 - OOTP Baseball 17.12 Build 75